 Dungeon Crawl Stone Soup version 0.27-a0-1144-g0b7d3b79db (webtiles) character file.

Game seed: 14102688982172537426

329 tilp the Chiller (level 6, -5/51 HPs)
             Began as a Demigod Ice Elementalist on May 10, 2021.
             Slain by Duvessa
             ... wielding a +1 short sword of venom
              (11 damage)
             ... on level 4 of the Dungeon.
             The game lasted 00:08:42 (4192 turns).

tilp the Chiller (Demigod Ice Elementalist)         Turns: 4192, Time: 00:08:43

Health: -5/51      AC: 10    Str:  9    XL:     6   Next: 4%
Magic:  0/13       EV: 12    Int: 25    God:
Gold:   90         SH:  0    Dex: 14    Spells: 3/10 levels left

rFire    + . .     SeeInvis +   a - +1 short sword
rCold    x . .     Faith    .   (no shield)
rNeg     . . .     Spirit   .   d - +0 robe
rPois    .         Reflect  .   l - +0 helmet {SInv}
rElec    .         Harm     .   (no cloak)
rCorr    .         Rampage  .   (no gloves)
Will     +....                  k - +0 pair of boots
Stlth    ++........             (no amulet)
HPRegen  0.17/turn              c - ring of fire
MPRegen  0.13/turn              j - ring of willpower

@: mighty, lethally poisoned (-5 -> -28), ice-armoured
A: high mp 1, forlorn
a: no special abilities


You were on level 4 of the Dungeon.
You visited 1 branch of the dungeon, and saw 4 of its levels.

You collected 144 gold pieces.
You spent 54 gold pieces at shops.

Inventory:

Hand Weapons
 a - a +1 short sword (weapon)
Missiles
 e - 147 stones
 o - 3 poisoned darts (quivered)
Armour
 d - a +0 robe (worn)
 k - a +0 pair of boots (worn)
 l - a +0 helmet of see invisible (worn)
Jewellery
 c - a ring of fire (left hand)
 g - a ring of protection from cold
 j - a ring of willpower (right hand)
Potions
 f - a potion of attraction {unknown}
 h - a potion of brilliance {unknown}
 i - a potion of ambrosia {unknown}
 m - a potion of curing {unknown}


   Skills:
 - Level 3.0 Fighting
 - Level 2.0 Dodging
 - Level 2.0 Stealth
 + Level 2.9 Spellcasting
 * Level 5.3 Ice Magic


You had 3 spell levels left.
You knew the following spells:

 Your Spells              Type           Power      Damage    Failure   Level
a - Freeze                Ice            100%       1d11      1%          1
b - Frozen Ramparts       Ice            60%        1d8       3%          3
c - Ozocubu's Armour      Ice            30%        N/A       3%          3

Your spell library contained the following spells:

 Spells                   Type           Power      Damage    Failure   Level
 Hailstorm                Conj/Ice       17%        3d6       34%         4
 Metabolic Englaciation   Hex/Ice        8%         N/A       67%         5


Dungeon Overview and Level Annotations

Branches:
Dungeon (4/15)
 Temple: D:4-7

Shops:
D:3 *

Annotations:
D:4 Duvessa


Innate Abilities, Weirdness & Mutations

Your attributes grow dramatically as you level up.
You have an increased reservoir of magic. (+10% MP)
You shall have no god before yourself.


Message History

You start resting.
Duvessa, Sister of Dowan comes into view.
She is wielding a +1 short sword of venom.
Your icy armour will break if you move.
Continue?
Okay, then.
You feel very mighty all of a sudden.
Duvessa goes berserk!
Duvessa hits you with a +1 short sword of venom!
You are poisoned.
Unknown command.
You hit Duvessa but do no damage.
You feel very sick.
Duvessa hits you with a +1 short sword of venom!
You are lethally poisoned!
Duvessa hits you but does no damage.
You are more poisoned.
Unknown command.
Casting: Freeze (safe; 1% risk of failure)
Confirm with . or Enter, or press ? or * to list all spells.
Aiming: Freeze (safe; 1% risk of failure)
Press: ? - help, Shift-Dir - straight line, f - Duvessa
Aim: Duvessa, wielding a +1 short sword of venom and wearing a +0 scale mail (berserk)
You freeze Duvessa!
Duvessa is lightly wounded.
* * * LOW HITPOINT WARNING * * *
You feel extremely sick. Duvessa closely misses you.
Unknown command.
Casting: Freeze (safe; 1% risk of failure)
Confirm with . or Enter, or press ? or * to list all spells.
Aiming: Freeze (safe; 1% risk of failure)
Press: ? - help, Shift-Dir - straight line, f/p - Duvessa
Aim: Duvessa, wielding a +1 short sword of venom and wearing a +0 scale mail (lightly wounded, berserk)
You freeze Duvessa!
Duvessa is moderately wounded.
* * * LOW HITPOINT WARNING * * *
You feel very sick.
Duvessa hits you with a +1 short sword of venom.
* * * LOW HITPOINT WARNING * * *
Duvessa hits you with a +1 short sword of venom!
You die...

#......#.....#
#.......(...#
##...........## .
..............#.# #..
#........(....... ..^
..#...##....# .. ....
..#...#..(..##.### .....
.....##.)#...).e.##
.....###......@#.$......>.
......#.......e#.....###..
........<...#....##...#
.......<....#....#.......
..................##.#...
.........#...##.### ###..#
.....#...##.)##..# ###
.##.##.......#...#
#......##.....##


You could see Duvessa (berserk).

Vanquished Creatures
  A kobold brigand (D:3)
  Dowan (D:4)
  A hound (D:4)
  Jessica (D:1)
  An orc wizard (D:3)
  Robin (D:2)
  2 adders (D:3)
  2 worms
  A dart slug (D:1)
  3 orcs (D:3)
  5 endoplasms
  3 giant cockroaches
  8 hobgoblins
  4 jackals (D:1)
  2 quokkas
  9 ball pythons
  5 bats
  2 frilled lizards (D:2)
  19 goblins
  10 kobolds
  9 rats
90 creatures vanquished.

Vanquished Creatures (others)
  A plant (D:3)
1 creature vanquished.

Grand Total: 91 creatures vanquished

Notes
Turn   | Place    | Note
-------+----------+-------------------------------------------
     0 | D:1      | tilp the Demigod Ice Elementalist began the quest for the
                  | Orb.
     0 | D:1      | Reached XP level 1. HP: 14/14 MP: 5/5
   605 | D:1      | Reached skill level 4 in Ice Magic
   605 | D:1      | Reached XP level 2. HP: 20/20 MP: 5/7
  1036 | D:1      | Reached skill level 1 in Fighting
  1313 | D:2      | Noticed Robin
  1313 | D:2      | Noticed Jessica
  1321 | D:1      | Reached XP level 3. HP: 16/28 MP: 4/8
  1323 | D:1      | Killed Jessica
  1900 | D:2      | Learned a level 3 spell: Ozocubu's Armour
  1906 | D:2      | Killed Robin
  2011 | D:2      | Reached XP level 4. HP: 27/37 MP: 6/9
  2292 | D:2      | Learned a level 3 spell: Frozen Ramparts
  2777 | D:3      | Noticed a kobold brigand
  2848 | D:2      | Identified a scroll of acquirement
  2848 | D:2      | Acquired a +0 helmet of see invisible
  2885 | D:3      | Found Sajegug's Assorted Antiques.
  3506 | D:3      | Bought a scroll labelled TONUZELAATO for 27 gold pieces
  3506 | D:3      | Bought a scroll labelled VARUAF VUEZ for 27 gold pieces
  3551 | D:3      | Reached XP level 5. HP: 45/45 MP: 9/11
  3784 | D:3      | Reached skill level 5 in Ice Magic
  4161 | D:4      | Noticed Dowan
  4177 | D:4      | Killed Dowan
  4181 | D:4      | Reached XP level 6. HP: 48/51 MP: 0/13
  4188 | D:4      | Noticed Duvessa
  4192 | D:4      | Slain by Duvessa

Illustrated notes

Levels and vault maps discovered:
D:1:      minmay_arrival_diagonal_passages, layout_rooms,
          hellmonk_ecumenical_altar_dog_temple, minmay_indecisive_spiral
D:2:      wad_pebble_path, layout_rooms, bh_walls_and_bars, uniq_robin,
          uniq_jessica
D:3:      layout_rooms, serial_shops, shop, saegor_snake_ambush
D:4:      layout_cave_pools, uniq_duvessa, uniq_purgy, uniq_sigmund

Skill      XL: |  1  2  3  4  5 |
---------------+----------------+-----
Spellcasting   | 2 |  2.9
Ice Magic      | 4 5 |  5.3
Stealth        | 2 |  2.0
Dodging        | 2 |  2.0
Fighting       | 1 2 3 |  3.0

Action                   |  1- 3 |  4- 6 || total
-------------------------+-------+-------++-------
Melee: Short sword       |    12 |    28 ||    40
Throw: Stone             |     4 |    10 ||    14
       Dart              |       |     3 ||     3
 Cast: Freeze            |    60 |    80 ||   140
       Ozocubu's Armour  |     1 |     1 ||     2
       Frozen Ramparts   |       |     1 ||     1
  Use: Scroll            |     3 |     4 ||     7
       Potion            |       |     1 ||     1
 Stab: Sleeping          |     1 |     3 ||     4
Armor: Robe              |    12 |    20 ||    32
Dodge: Dodged            |    33 |    59 ||    92

Table legend: (Time is in decaauts)
 A = Elapsed time spent in this place.
 B = Non-inter-level travel time spent in this place.
 C = Inter-level travel time spent in this place.
 D = Time resting spent in this place.
 E = Time spent auto-exploring this place.
 F = Levels seen in this place.
 G = Mean time per level.
                   A        B        C        D        E       F      G
               +--------+--------+--------+--------+--------+-----+--------+
         Total |   4223 |   4068 |    155 |   1586 |   1812 |   4 | 1055.8 |
       Dungeon |   4223 |   4068 |    155 |   1586 |   1812 |   4 | 1055.8 |
               +--------+--------+--------+--------+--------+-----+--------+

Top non-repeatable levels by time:
     D:1: 1798 daAuts
     D:2: 1314 daAuts
     D:3: 1051 daAuts
     D:4: 59 daAuts
